 Dungeon Crawl Stone Soup version 0.20-a0-1089-g3fde505 (webtiles) character file.

118 MydosGodOfBeginnings the Skirmisher (level 4, 0/38 HPs)
             Began as a Mummy Monk on May 2, 2017.
             Slain by a kobold
             ... wielding a +0 short sword
              (1 damage)
             ... on level 3 of the Dungeon.
             The game lasted 00:05:08 (2639 turns).

MydosGodOfBeginnings the Skirmisher (Mummy Monk)    Turns: 2639, Time: 00:05:08

Health: 0/38       AC:  2    Str: 14    XL:     4   Next: 72%
Magic:  4/4        EV: 13    Int: 10    God:
Gold:   108        SH:  0    Dex: 14    Spells: 3/3 levels left

rFire    x . .     SeeInvis .   a - +0 mace
rCold    + . .     Gourm    .   (no shield)
rNeg     + + +     Faith    .   b - +0 robe
rPois    ∞         Spirit   .   (no helmet)
rElec    .         Reflect  .   (no cloak)
rCorr    .         Harm     .   (no gloves)
MR       .....                  (no boots)
Stlth    ++........             (no amulet)
Regen    0.2/turn               (no ring)
MPRegen  0.1/turn               (no ring)

@: no status effects
A: no food or potions, fire vulnerability, cold resistance 1, negative energy
resistance 3, torment resistance, unbreathing
a: no special abilities


You were on level 3 of the Dungeon.
You were not hungry.

You visited 1 branch of the dungeon, and saw 3 of its levels.

You collected 108 gold pieces.

Inventory:

Hand Weapons
 a - a +0 mace (weapon)
Armour
 b - a +0 robe (worn)
Scrolls
 c - a scroll of recharging {unknown}
 d - 4 scrolls of remove curse {unknown}
 e - a scroll of magic mapping {unknown}
 f - 2 scrolls of enchant armour {unknown}
 g - 9 scrolls of identify {unknown}
 h - a scroll of blinking {unknown}
 i - a scroll of teleportation {unknown}
 j - a scroll of enchant weapon {unknown}
 k - a scroll of fear {unknown}


   Skills:
 * Level 4.3 Fighting
 + Level 3.6 Maces & Flails
 - Level 2.4 Dodging
 - Level 1.6 Stealth


You had 3 spell levels left.
You didn't know any spells.

Dungeon Overview and Level Annotations

Branches:
Dungeon (3/15)

Altars:

Annotations:
D:3 Yermak's ghost, weakling TeBe


Innate Abilities, Weirdness & Mutations

You do not eat or drink.
Your flesh is vulnerable to fire.
You are immune to poison.
Your flesh is cold resistant. (rC+)
You are immune to negative energy. (rN+++)
You are immune to unholy pain and torment.
You can survive without breathing.


Message History

The bat hits you but does no damage. The kobold hits you with a short sword.
* * * LOW HITPOINT WARNING * * *
The adder closely misses you. The bat hits you but does no damage.
The kobold closely misses you. Yermak's ghost hits you.
* * * LOW HITPOINT WARNING * * *
The bat hits you but does no damage. The kobold closely misses you.
Found an escape hatch in the ceiling.
The bat closely misses you. The bat closely misses you.
The adder barely misses you. The bat hits you but does no damage.
The bat hits you.
* * * LOW HITPOINT WARNING * * *
The bat hits you.
* * * LOW HITPOINT WARNING * * *
The adder closely misses you. The bat closely misses you.
The bat hits you but does no damage. The bat completely misses you.
The kobold hits you with a short sword.
You die...

### #.. #... ###...#####
#.... #.. #.<....@S.#
..!... #.. #......K..#
......###.. #......oW.##
...........
##.....#b..##>..........
#.....#o..##.##........
##...........##........
#........##.##........
#...o.......##.....###
#...o....##.##.....# #


You could see Yermak's ghost, an adder, 3 orcs, a bat and a kobold.

Vanquished Creatures
  5 adders (D:2)
  A worm (D:2)
  3 dart slugs
  2 leopard geckos (D:2)
  5 giant cockroaches (D:1)
  6 goblins
  7 hobgoblins
  3 jackals (D:2)
  A quokka (D:2)
  A ball python (D:2)
  9 bats
  3 frilled lizards (D:1)
  10 kobolds
  8 rats
64 creatures vanquished.

Notes
Turn   | Place    | Note
-------+----------+-------------------------------------------
     0 | D:1      | MydosGodOfBeginnings the Mummy Monk began the quest for the Orb.
     0 | D:1      | Reached XP level 1. HP: 18/18 MP: 1/1
   298 | D:1      | Reached XP level 2. HP: 23/24 MP: 2/2
   986 | D:1      | Reached XP level 3. HP: 30/30 MP: 3/3
  1130 | D:2      | Found a faded altar of an unknown god.
  1169 | D:2      | Reached skill level 4 in Fighting
  1356 | D:2      | Reached XP level 4. HP: 14/37 MP: 4/4
  2095 | D:3      | Noticed Yermak's ghost (weakling TeBe)
  2636 | D:3      | HP: 1/38 [bat (1)]
  2639 | D:3      | Slain by a kobold

Vault maps used:
D:1:      saegor_arrival_simple_a
D:2:      minmay_wonky_spiral, chequers_ecumenical_altar_simple_redux,
          first_bread, serial_bayou_pond_e, bh_walls_and_bars
D:3:      gup_sewer_entry_bubbles

Skill      XL: |  1  2  3 |
---------------+----------+-----
Fighting       | 4 |  4.3
Maces & Flails | 3 |  3.6
Dodging        | |  2.4
Stealth        | |  1.6

Action                   |  1- 3 |  4- 6 || total
-------------------------+-------+-------++-------
Melee: Mace              |   109 |    94 ||   203
 Stab: Sleeping          |     7 |     2 ||     9
       Distracted        |     1 |       ||     1
Armor: Robe              |    17 |    40 ||    57
Dodge: Dodged            |    90 |   156 ||   246
